Map: Bel'Shir Vestige LE (Void)

Players

Nerchio - Winner!

  • Race: Zerg Zerg
  • Spawn Location: 11:00

uThermal

  • Race: Terran Terran
  • Spawn Location: 5:00

Event: WCS Austin 2017

VOD

Have the link to the VOD?

Description

Time

  • Played on: April 28, 2017, 9:13 p.m.
  • Length: 11:48

All games in this series

Show
View Real Time Build Order
Export as new Build Order

Nerchio Zerg - Winner!

Build Orders: Pool First 

Get SALT Encoding   

  12  0:01  Drone  
  13  0:12  Overlord  
  13  0:17  Drone  
  14  0:30  Drone x2  
  14  0:34  Drone  
  17  0:44  Spawning Pool  
  17  0:47  Drone  
  17  0:55  Drone  
  18  0:57  Extractor  
  17  1:14  Hatchery  
  17  1:18  Drone  
  17  1:30  Queen  
  19  1:33  Zergling x2  
  19  1:36  Drone  
  21  1:43  Overlord  
  21  1:49  Drone  
  22  1:57  Metabolic Boost  
  22  2:03  Drone  
  22  2:08  Queen  
  23  2:13  Drone  
  26  2:21  Drone  
  27  2:26  Drone  
  27  2:29  Queen  
  30  2:32  Drone  
  31  2:37  Overlord  
  31  2:40  Drone  
  31  2:42  Drone  
  33  2:44  Drone  
  34  3:00  Hatchery  
  34  3:01  Drone  
  34  3:04  Drone  
  35  3:06  Drone  
  35  3:08  Drone  
  35  3:12  Zergling x4  
  39  3:16  Overlord  
  39  3:18  Drone  
  40  3:20  Zergling x2  
  41  3:27  Roach Warren  
  41  3:28  Drone  
  41  3:30  Drone  
  42  3:38  Drone x2  
  44  3:41  Extractor  
  44  3:43  Overlord  
  43  3:59  Lair  
  44  4:02  Drone  
  44  4:03  Drone x2  
  44  4:08  Roach x3  
  44  4:09  Roach  
  54  4:10  Drone  
  54  4:15  Drone x3  
  58  4:19  Overlord x3  
  58  4:20  Evolution Chamber  
  58  4:24  Drone, Extractor  
  57  4:27  Drone  
  57  4:29  Extractor  
  57  4:39  Drone x6  
  57  4:40  Extractor  
  57  4:44  Overlord  
  61  4:47  Zerg Ground Armor Level 1  
  61  4:49  Drone x2  
  61  4:51  Drone  
  64  4:57  Roach x2  
  68  5:00  Roach  
  68  5:02  Roach  
  72  5:08  Drone  
  72  5:09  Drone x3  
  72  5:12  Spore Crawler  
  72  5:14  Spore Crawler  
  74  5:15  Drone  
  74  5:19  Drone  
  74  5:20  Drone x2  
  74  5:21  Drone  
  79  5:24  Overlord  
  79  5:30  Overseer  
  79  5:31  Drone x3  
  79  5:33  Drone  
  83  5:37  Drone x2  
  83  5:39  Drone  
  83  5:40  Drone  
  85  5:48  Spore Crawler  
  85  5:49  Infestation Pit  
  83  5:50  Evolution Chamber  
  83  5:51  Drone  
  83  5:52  Drone x2  
  83  5:56  Overlord  
  85  5:58  Drone x2  
  85  6:02  Extractor  
  85  6:03  Drone x3  
  89  6:04  Drone  
  89  6:07  Drone x2  
  89  6:11  Overlord  
  92  6:15  Queen  
  92  6:18  Zerg Missile Weapons Level 1  
  94  6:22  Zergling x2  
  94  6:23  Zergling x6  
  97  6:30  Hive  
  97  6:31  Infestor  
  99  6:41  Zergling x2  
  99  6:44  Drone x2  
  99  6:45  Infestor  
  101  6:48  Drone x3  
  101  6:50  Drone  
  101  6:51  Drone  
  101  6:53  Drone  
  101  6:54  Hatchery  
  99  7:04  Infestor  
  101  7:10  Drone x3  
  101  7:12  Drone  
  101  7:13  Drone x3  
  101  7:14  Drone x3  
  108  7:20  Zerg Ground Armor Level 2  
  108  7:39  Drone, Queen  
  108  7:42  Adrenal Glands  
  111  7:44  Ultralisk Cavern  
  111  7:49  Drone x3  
  109  7:52  Ravager  
  109  7:53  Ravager x2  
  109  7:54  Roach  
  109  7:56  Overlord x4  
  114  8:02  Overlord x2  
  100  8:29  Hatchery  
  100  8:30  Zerg Melee Weapons Level 1  
  100  8:31  Chitinous Plating  
  100  8:32  Ultralisk x3  
  117  8:35  Ultralisk  
  123  8:44  Ultralisk  
  123  8:45  Hatchery  
  128  8:49  Ultralisk  
  128  8:50  Drone  
  135  9:00  Ultralisk  
  141  9:05  Zergling x6  
  141  9:10  Drone x3  
  141  9:12  Overlord  
  141  9:13  Overlord x3  
  141  9:14  Overlord  
  144  9:22  Overlord  
  144  9:33  Ultralisk  
  144  9:34  Spire  
  144  9:35  Extractor  
  146  9:39  Drone x2  
  146  9:43  Overlord  
  146  9:48  Drone  
  146  9:50  Drone  
  144  9:53  Drone x3  
  144  9:55  Drone  
  148  10:04  Ultralisk  
  143  10:08  Burrow  
  143  10:09  Zergling x2  
  143  10:10  Zergling x2  
  143  10:11  Zergling x2  
  143  10:14  Zergling x6  
  147  10:20  Zergling x12  
  143  10:36  Infestor  
  143  10:38  Ultralisk  
  146  10:44  Ultralisk  
  133  10:50  Drone x9  
  133  10:54  Drone x5  
  142  11:01  Drone x2  
  142  11:03  Drone x2  
  146  11:11  Queen, Extractor  
  146  11:12  Corruptor x2  
  153  11:26  Ravager  
  153  11:30  Zergling x8  
Show
View Real Time Build Order
Export as new Build Order

uThermal Terran 

Build Orders: Hellion Opening, Reaper Expand, Bio Tank 

Get SALT Encoding   

  12  0:01  SCV  
  13  0:13  SCV  
  14  0:17  Supply Depot  
  14  0:26  SCV  
  14  0:27  Refinery  
  15  0:38  SCV  
  16  0:44  Barracks  
  16  0:51  SCV  
  17  1:03  SCV  
  18  1:15  SCV  
  19  1:31  Reaper, Orbital Command  
  20  1:42  Command Center  
  20  1:57  Factory, SCV  
  21  2:05  Barracks Reactor  
  21  2:09  SCV  
  21  2:15  Supply Depot  
  21  2:21  SCV  
  22  2:30  Refinery  
  22  2:34  SCV  
  23  2:42  Starport  
  23  2:46  SCV  
  23  2:47  Hellion x2  
  28  2:54  Orbital Command  
  28  2:57  Barracks Tech Lab  
  28  3:00  SCV  
  29  3:08  Hellion  
  33  3:13  Hellion  
  33  3:15  SCV  
  34  3:20  SCV  
  34  3:26  Viking  
  37  3:27  SCV  
  37  3:32  SCV  
  37  3:33  Hellion  
  41  3:37  Hellion  
  43  3:42  Supply Depot  
  43  3:44  SCV  
  43  3:45  SCV  
  45  3:56  SCV  
  45  3:57  Supply Depot  
  46  4:04  Raven, SCV  
  49  4:11  Command Center  
  49  4:17  Supply Depot  
  49  4:20  Supply Depot, SCV  
  49  4:24  Barracks Tech Lab  
  51  4:30  Engineering Bay x2, SCV  
  51  4:32  SCV  
  52  4:41  Refinery x2  
  52  4:42  SCV  
  52  4:44  Marine  
  52  4:45  Stimpack  
  54  4:47  Raven  
  54  4:51  SCV  
  57  4:54  SCV  
  57  4:57  Factory Reactor  
  58  5:02  Marine  
  58  5:06  SCV  
  60  5:08  Barracks  
  60  5:09  SCV  
  60  5:10  Barracks  
  61  5:18  SCV  
  61  5:21  Marine, SCV  
  63  5:24  Orbital Command  
  63  5:25  Terran Infantry Weapons Level 1  
  64  5:29  Terran Infantry Armor Level 1  
  64  5:30  SCV  
  64  5:33  SCV  
  66  5:39  Starport Reactor  
  66  5:40  Marine  
  66  5:42  SCV  
  68  5:47  Barracks  
  68  5:49  Barracks  
  68  5:52  SCV  
  68  5:54  SCV, Orbital Command  
  68  5:55  Siege Tank  
  73  6:03  Marine x3  
  73  6:04  SCV  
  77  6:05  Supply Depot  
  77  6:08  SCV  
  77  6:10  Marine x2  
  80  6:16  SCV  
  81  6:20  Medivac, Marine, SCV  
  81  6:21  Supply Depot, SCV  
  84  6:27  Medivac  
  84  6:30  Supply Depot, Marine  
  84  6:32  SCV  
  88  6:33  Marine  
  88  6:36  Barracks Reactor x2  
  88  6:37  SCV  
  90  6:44  SCV  
  91  6:47  Marine, SCV  
  91  6:50  SCV  
  91  6:53  Siege Tank  
  99  6:56  SCV  
  99  6:58  Supply Depot  
  99  6:59  SCV  
  100  7:05  Factory  
  100  7:06  Marine, Armory, SCV  
  101  7:08  SCV  
  101  7:10  Medivac  
  101  7:12  Medivac  
  101  7:14  Marine, SCV  
  106  7:17  Marine x2  
  106  7:18  SCV  
  109  7:26  Marine, SCV  
  109  7:27  Supply Depot  
  109  7:28  Siege Tank  
  114  7:35  Supply Depot, Combat Shields  
  114  7:36  SCV  
  115  7:40  Marine, SCV  
  117  7:47  Marine x2  
  117  7:49  Supply Depot  
  117  7:50  Supply Depot, Refinery x2  
  117  7:52  Factory Tech Lab, Marine x2  
  117  7:53  Marine  
  117  7:55  Supply Depot  
  122  7:59  Supply Depot  
  122  8:00  Siege Tank  
  122  8:01  Terran Infantry Armor Level 2  
  123  8:08  Marine  
  124  8:14  Marine  
  124  8:15  Marine x2  
  122  8:20  Marine  
  122  8:21  Supply Depot  
  122  8:23  Barracks  
  122  8:24  Marine  
  122  8:25  Barracks x2, Marine x2  
  122  8:26  Marine  
  127  8:28  Siege Tank, Terran Vehicle Weapons Level 1  
  127  8:29  Marine  
  127  8:32  Siege Tank, Marine  
  135  8:35  Marine  
  135  8:36  Supply Depot  
  135  8:37  Marine  
  135  8:38  Supply Depot  
  136  8:41  Marine  
  136  8:45  Marine x2  
  139  8:49  Supply Depot  
  139  8:50  Medivac x2  
  139  8:51  Marine  
  139  8:55  Marauder, Marine x2  
  147  9:00  Marine, Siege Tank  
  152  9:03  Supply Depot  
  152  9:09  Marine  
  153  9:14  Barracks Tech Lab x3  
  153  9:17  Marauder  
  155  9:18  Marine  
  155  9:19  Medivac  
  155  9:20  Medivac  
  155  9:23  Siege Tank  
  155  9:24  Marine  
  164  9:31  Concussive Shells  
  164  9:36  Marauder  
  164  9:37  Marauder x2  
  164  9:38  Marauder  
  172  9:39  Siege Tank  
  172  9:41  Marine x2  
  172  9:43  Marine x2  
  172  9:45  Command Center  
  179  9:46  Marine x2  
  181  9:53  Marine x2  
  181  9:56  Medivac  
  181  9:58  Marauder x2  
  161  10:07  Marine  
  161  10:08  Marauder  
  161  10:11  Siege Tank x2  
  161  10:12  Marauder, Marine x2  
  162  10:27  Marauder x2, Marine x2  
  156  10:30  Marauder, Marine  
  156  10:32  Marine  
  156  10:34  Medivac, Marauder  
  156  10:35  Medivac  
  158  10:43  Siege Tank x2  
  158  10:46  Marine x2  
  158  10:49  Marauder x2  
  161  10:55  Marine  
  161  10:56  Marauder x2, Marine  
  163  10:59  Marine x2  
  163  11:04  Unknown x4, Marine  
  165  11:09  Marine  
  165  11:10  Marauder  
  165  11:11  Marauder, Marine  
  168  11:18  Missile Turret  
  174  11:19  Marine x2  
  174  11:23  Missile Turret  
  174  11:24  Marauder, Marine x2  
  178  11:30  Marine  
Tags
 
Add a new tag
Caveats
  • Supply blocks, unpowered buildings, or Contaminate may cause inaccurate times.
  • Supply counts are checked every 10 seconds.